 Dungeon Crawl Stone Soup version 0.19.1-1-g22dce08 (webtiles) character file.

214 Alarkh the Grave Robber (level 5, -1/35 HPs)
             Began as a Mummy Necromancer on Jan 2, 2017.
             Killed from afar by Sigmund (10 damage)
             ... with a puff of flame
             ... on level 4 of the Dungeon.
             The game lasted 00:03:43 (2759 turns).

Alarkh the Grave Robber (Mummy Necromancer)         Turns: 2759, Time: 00:03:44

Health: -1/35      AC:  4    Str: 11    XL:     5   Next: 59%
Magic:  10/11      EV: 12    Int: 15    God:
Gold:   227        SH:  2    Dex: 13    Spells: 2 memorised, 8 levels left

rFire  x . .     SeeInvis .     k - +1 dagger (venom)
rCold  + . .     Gourm    .     a - +0 robe
rNeg   + + +     Faith    .     (no shield)
rPois  ∞         Spirit   .     (no helmet)
rElec  .         Reflect  +     (no cloak)
rCorr  .         Harm     .     (no gloves)
MR     .....                    j - +1 pair of boots {Stlth+}
Stlth  +++.......               d - +2 amulet of reflection
                                (no ring)
                                n - ring of flight

@: no status effects
A: no food or potions, fire vulnerability, cold resistance 1, negative energy
resistance 3, torment resistance, unbreathing
a: Evoke Flight


You were on level 4 of the Dungeon.
You were not hungry.

You visited 1 branch of the dungeon, and saw 4 of its levels.

You collected 227 gold pieces.

Inventory:

Hand Weapons
 c - a +0 dagger
 k - a +1 dagger of venom (weapon)
Armour
 a - a +0 robe (worn)
 j - a +1 pair of boots of stealth (worn)
Jewellery
 d - a +2 amulet of reflection (around neck)
 n - a ring of flight (left hand)
Scrolls
 e - a scroll of identify
 f - 2 scrolls of enchant armour
 g - 3 scrolls of random uselessness
 h - a scroll of amnesia {unknown}
 i - 2 scrolls of immolation
 l - a scroll of blinking
 m - a scroll of fog {unknown}
 o - a scroll of noise {unknown}
 p - a scroll of enchant weapon {unknown}
Books
 b - a book of Necromancy

   Spells                             Type                      Level
   a - Pain                           Necromancy                   1
   b - Animate Skeleton               Necromancy                   1
   c - Vampiric Draining              Necromancy                   3
   d - Regeneration                   Charms/Necromancy            3
   e - Animate Dead                   Necromancy                   4
   f - Control Undead                 Necromancy                   4


   Skills:
 - Level 1.5 Dodging
 - Level 1.5 Stealth
 + Level 4.1 Spellcasting
 + Level 5.6 Necromancy


You had 8 spell levels left.
You knew the following spells:

 Your Spells              Type           Power        Failure   Level  Hunger
a - Pain                  Necr           ###.         1%          1    N/A
b - Vampiric Draining     Necr           ###.......   6%          3    N/A

Dungeon Overview and Level Annotations

Branches:
Dungeon (4/15)
 Temple: D:4-7

Altars:

Annotations:
D:4 exclusion: phantom, Sigmund


Innate Abilities, Weirdness & Mutations

You do not eat or drink.
Your flesh is vulnerable to fire.
You are immune to poison.
Your flesh is cold resistant. (rC+)
You are immune to negative energy. (rN+++)
You are immune to unholy pain and torment.
You can survive without breathing.


Message History

The hound is severely wounded.
The hound bites you.
You completely miss the hound.
The hound is almost dead.
You kill the hound!
Your Spellcasting skill increases to level 4!
You start resting.
HP restored.
You climb downwards.
Level annotation: exclusion: phantom, Sigmund The phantom hits you!
The phantom blinks!
Sigmund gestures at you while chanting. The puff of flame hits you!
The fire burns you terribly!
Ouch! That really hurt!
* * * LOW HITPOINT WARNING * * *
There is a stone staircase leading up here.
The phantom blinks!
Sigmund gestures at you while chanting. The puff of flame hits you!
The fire burns you terribly!
You die...

##w....... #........#
#......>.# #........##
#.........#
###.........#
##....§......##
#....@........#
#§.............#
#......W.......##
#................##
#......@..........###
#................#..###
#...............####..##
#...............# ###..
..............# ###


You could see a phantom, Sigmund and a worm (sleeping).

Vanquished Creatures
  A hound (D:3)
  An orc wizard (D:3)
  5 adders
  An ooze (D:1)
  4 dart slugs
  2 leopard geckos (D:1)
  9 orcs (D:3)
  A ball python (D:3)
  7 bats
  3 giant cockroaches
  6 goblins
  6 hobgoblins
  8 jackals
  A kobold (D:2)
  3 quokkas
  6 frilled lizards
  A jackal skeleton (D:3)
  A quokka skeleton (D:4)
  24 rats
90 creatures vanquished.

Notes
Turn   | Place    | Note
-------+----------+-------------------------------------------
     0 | D:1      | Alarkh the Mummy Necromancer began the quest for the Orb.
     0 | D:1      | Reached XP level 1. HP: 13/13 MP: 3/3
   286 | D:1      | Reached XP level 2. HP: 16/19 MP: 1/5
   810 | D:2      | Reached XP level 3. HP: 24/24 MP: 6/6
   815 | D:2      | Learned a level 3 spell: Vampiric Draining
  1377 | D:2      | Reached XP level 4. HP: 30/30 MP: 8/8
  1824 | D:3      | Reached skill level 5 in Necromancy
  2108 | D:3      | Reached XP level 5. HP: 35/35 MP: 10/10
  2643 | D:4      | Noticed a phantom
  2671 | D:4      | Noticed a phantom
  2684 | D:4      | Noticed Sigmund
  2759 | D:4      | Killed from afar by Sigmund

Skill      XL: |  1  2  3  4  5 |
---------------+----------------+-----
Spellcasting   | 3 4 |  4.1
Necromancy     | 5 |  5.6
Dodging        | |  1.5
Stealth        | |  1.5

Action                   |  1- 3 |  4- 6 || total
-------------------------+-------+-------++-------
Melee: Dagger            |    80 |    91 ||   171
 Cast: Pain              |    29 |    34 ||    63
       Vampiric Draining |       |     2 ||     2
  Use: Scroll            |       |     4 ||     4
 Stab: Sleeping          |     3 |     3 ||     6
Armor: Robe              |    23 |    38 ||    61
Dodge: Dodged            |    44 |    55 ||    99
Block: Other             |     1 |     3 ||     4
